 Dungeon Crawl Stone Soup version 0.19-a0-1019-g9c6a58d (webtiles) character file.

95 Goblin1989 the Cudgeler (level 4, 0/52 HPs)
             Began as a Demonspawn Berserker on July 26, 2016.
             Was a Priest of Trog.
             Succumbed to Sigmund's poison
             ... on level 2 of the Dungeon.
             The game lasted 00:04:12 (2753 turns).

Goblin1989 the Cudgeler (Demonspawn Berserker)      Turns: 2753, Time: 00:04:13

Health: 0/52       AC:  2    Str: 24    XL:     4   Next: 40%
Magic:  4/4        EV: 12    Int:  8    God:    Trog [***...]
Gold:   72         SH:  0    Dex: 12    Spells: 0 memorised, 3 levels left

rFire  . . .     SeeInvis .     a - +0 mace
rCold  . . .     Gourm    .     b - +0 animal skin
rNeg   . . .     Faith    .     (no shield)
rPois  .         Spirit   .     (no helmet)
rElec  .         Dismiss  .     (no cloak)
rCorr  .         Reflect  .     (no gloves)
SustAt .         Harm     .     (no boots)
MR     .....                    (no amulet)
Stlth  ..........               (no ring)
                                (no ring)

@: berserking, lethally poisoned (0 -> -13), very quick, not resistant to
hostile enchantments, extremely unstealthy
A: powered by death 1, powered by pain 1, sturdy frame 1
a: Berserk, Trog's Hand, Burn Spellbooks, Renounce Religion


You were on level 2 of the Dungeon.
You worshipped Trog.
Trog was most pleased with you.
You were not hungry.

You visited 1 branch of the dungeon, and saw 2 of its levels.

You collected 72 gold pieces.

Inventory:

Hand Weapons
 a - a +0 mace (weapon)
Armour
 b - a +0 animal skin (worn)
Scrolls
 d - 5 scrolls of enchant weapon {unknown}
 h - 3 scrolls of remove curse {unknown}
 i - a scroll of amnesia {unknown}
 j - 2 scrolls of identify {unknown}
Potions
 e - 3 potions of lignification {unknown}
 f - a potion of agility {unknown}
 k - a potion of degeneration {unknown}
Comestibles
 c - 2 bread rations


   Skills:
 - Level 3.0 Fighting
 + Level 4.7 Maces & Flails
 - Level 1.7 Armour
 - Level 1.7 Dodging


You had 3 spell levels left.
You didn't know any spells.

Dungeon Overview and Level Annotations

Branches:
Dungeon (2/15)

Altars:
Kikubaaqudgha

Annotations:
D:2 Robin, Sigmund


Innate Abilities, Weirdness & Mutations

You regenerate a little health from kills.
You sometimes gain a little power by taking damage.
Your movements are slightly less encumbered by armour. (ER -2)


Message History

* * * LOW HITPOINT WARNING * * *
You now have 14/52 hp.
You feel a strong urge to attack something.
* * * LOW HITPOINT WARNING * * *
You feel sick.
You miss something.
* * * LOW HITPOINT WARNING * * *
You feel sick.
You hear some strange, mumbled words.
A puff of flame appears from out of thin air!
The puff of flame hits you!
* * * LOW HITPOINT WARNING * * *
You take 9 damage, and have 5/52 hp.
You barely miss something.
* * * LOW HITPOINT WARNING * * *
You feel sick. Something hits you.
* * * LOW HITPOINT WARNING * * *
You take 4 damage, and have 1/52 hp.
You sock something!
You die...

.# ##.# ..#.# #.#.#
#.#.# #.#.# ##.#.#
#....########.#
#######...##...@{...#
#.........##.########
#.######..##.# #.#
#..##.# #.# #..##.#
##.# ###..##.# ...#
#...[##.# ####
#.#..##.# #....##.#


There were no monsters in sight!

Vanquished Creatures
  An adder (D:2)
  3 worms (D:2)
  A dart slug (D:2)
  4 giant geckos
  A giant cockroach (D:2)
  15 goblins
  13 hobgoblins
  13 bats
  4 giant newts
  6 kobolds
  3 rats (D:1)
64 creatures vanquished.

Notes
Turn   | Place    | Note
-------+----------+-------------------------------------------
     0 | D:1      | Goblin1989 the Demonspawn Berserker began the quest for the Orb.
     0 | D:1      | Reached XP level 1. HP: 18/18 MP: 1/1
   184 | D:1      | Reached skill level 3 in Maces & Flails
   363 | D:1      | Gained mutation: You regenerate a little health from kills. [demonic ancestry]
   363 | D:1      | Reached XP level 2. HP: 9/24 MP: 2/2
  1131 | D:1      | Reached ** piety under Trog
  1152 | D:1      | Gained mutation: You sometimes gain a little power by taking damage. [demonic ancestry]
  1152 | D:1      | Reached XP level 3. HP: 29/29 MP: 3/3
  1466 | D:1      | Reached skill level 4 in Maces & Flails
  1779 | D:2      | Noticed Robin
  2404 | D:2      | Found an ancient bone altar of Kikubaaqudgha.
  2417 | D:2      | Gained mutation: Your movements are slightly less encumbered by armour. (ER -2) [demonic ancestry]
  2417 | D:2      | Reached XP level 4. HP: 22/35 MP: 4/4
  2449 | D:2      | Reached *** piety under Trog
  2742 | D:2      | Noticed Sigmund
  2752 | D:2      | HP: 1/52 [something (3)]
  2753 | D:2      | Succumbed to Sigmund's poison

Vault maps used:
D:1:      dpeg_arrival_subterranean_lakeside_camping
D:2:      kiku_gazebo_pond_becter, uniq_sigmund, uniq_robin

Skill      XL: |  1  2  3 |
---------------+----------+-----
Maces & Flails | 3 4 |  4.7
Fighting       | |  3.0
Armour         | |  1.7
Dodging        | |  1.7

Action                   |  1- 3 |  4- 6 || total
-------------------------+-------+-------++-------
Melee: Mace              |   175 |    55 ||   230
Invok: Berserk           |     1 |     1 ||     2
 Stab: Sleeping          |     1 |       ||     1
  Eat: Chunk             |     1 |     1 ||     2
       Meat ration       |     1 |       ||     1
Armor: Animal skin       |    53 |     7 ||    60
Dodge: Dodged            |   154 |    18 ||   172
